Map: Backwater LE

Players

VetleSucks - Winner!

  • Race: Protoss Protoss
  • League: Gold
  • Spawn Location: 11:00

CinDra

  • Race: Protoss Protoss
  • Spawn Location: 5:00

VOD

Have the link to the VOD?

Description

Time

  • Played on: Jan. 23, 2018, 4:59 p.m.
  • Length: 15:43
Show
View Real Time Build Order
Export as new Build Order

VetleSucks Protoss - Winner!

Build Orders: Carrier Rush 

Get SALT Encoding   

  12  0:01  Probe  
  13  0:13  Probe  
  14  0:26  Pylon  
  14  0:28  Probe  
  15  0:44  Assimilator  
  15  0:49  Gateway  
  15  0:53  Probe  
  16  0:59  Pylon  
  16  1:06  Gateway  
  16  1:09  Probe (Chrono Boost)  
  18  1:19  Probe (Chrono Boost)  
  18  1:24  Probe (Chrono Boost)  
  19  1:35  Probe  
  20  1:42  Zealot  
  22  1:47  Probe  
  22  1:52  Cybernetics Core  
  23  1:57  Assimilator  
  23  1:58  Zealot  
  26  2:22  Probe (Chrono Boost)  
  26  2:33  Probe (Chrono Boost)  
  27  2:37  Probe (Chrono Boost)  
  27  2:42  Stargate  
  28  2:49  Probe  
  29  2:51  Stargate  
  29  2:52  Zealot  
  31  3:02  Pylon  
  31  3:11  Pylon  
  31  3:20  Probe, Zealot  
  34  3:36  Fleet Beacon  
  34  3:39  Shield Battery  
  34  3:50  Void Ray  
  38  3:56  Zealot x2  
  42  4:19  Pylon  
  42  4:34  Carrier (Chrono Boost)  
  48  5:02  Nexus  
  48  5:17  Pylon  
  48  5:18  Carrier (Chrono Boost)  
  54  5:51  Assimilator  
  54  5:52  Probe  
  54  5:55  Assimilator, Graviton Catapult  
  55  6:04  Probe  
  56  6:10  Robotics Facility  
  56  6:16  Probe  
  57  6:21  Probe  
  58  6:28  Probe  
  59  6:33  Probe  
  64  6:40  Probe  
  64  6:45  Probe  
  64  6:46  Protoss Air Weapons Level 1  
  62  6:58  Probe  
  63  7:13  Probe  
  64  7:17  Carrier (Chrono Boost)  
  64  7:20  Observer  
  71  7:25  Probe  
  72  7:34  Pylon  
  72  7:37  Pylon  
  72  7:38  Probe  
  72  7:40  Pylon  
  73  7:44  Pylon  
  73  7:50  Probe  
  74  8:18  Carrier (Chrono Boost)  
  80  8:36  Carrier (Chrono Boost)  
  83  9:24  Observer  
  83  9:37  Carrier  
  89  9:39  Stargate  
  90  9:46  Observer  
  90  9:58  Carrier  
  96  10:05  Protoss Air Weapons Level 2  
  96  10:12  Stalker x2  
  100  10:28  Nexus  
  100  10:32  Pylon  
  100  10:34  Pylon  
  100  10:38  Pylon  
  100  10:40  Pylon  
  100  10:41  Stalker  
  100  10:42  Stalker  
  104  10:43  Carrier  
  110  11:05  Carrier  
  116  11:11  Stalker  
  116  11:12  Stalker  
  120  12:01  Assimilator  
  120  12:04  Mothership (Chrono Boost)  
  120  12:05  Assimilator  
  128  12:12  Protoss Air Armor Level 1  
  128  12:14  Probe  
  129  12:27  Carrier x2 (Chrono Boost)  
  141  13:27  Zealot x2  
  145  13:34  Carrier  
  151  13:52  Carrier  
  157  14:20  Pylon  
  157  14:21  Pylon  
  157  14:24  Pylon  
  157  14:26  Pylon  
  157  14:28  Pylon  
  157  14:31  Nexus  
  157  14:38  Zealot x2  
Show
View Real Time Build Order
Export as new Build Order

CinDra Protoss 

Build Orders: Colossus Rush 

Get SALT Encoding   

  12  0:01  Probe  
  13  0:13  Probe  
  14  0:24  Pylon  
  14  0:25  Probe  
  15  0:42  Probe  
  16  0:45  Gateway  
  16  0:54  Probe  
  17  1:00  Assimilator  
  17  1:06  Probe  
  19  1:18  Probe  
  19  1:30  Probe  
  20  1:36  Zealot  
  21  1:51  Cybernetics Core  
  21  1:53  Probe  
  22  2:05  Probe  
  22  2:08  Pylon  
  23  2:13  Pylon  
  23  2:22  Assimilator  
  23  2:26  Probe  
  24  2:35  Nexus  
  24  2:38  Probe, Warp Gate (Chrono Boost)  
  25  2:50  Probe  
  26  2:57  Stalker  
  28  3:02  Probe  
  29  3:05  Gateway  
  29  3:08  Robotics Facility  
  29  3:16  Probe  
  30  3:28  Probe  
  31  3:40  Probe  
  32  3:46  Probe  
  33  3:52  Probe  
  33  3:55  Pylon  
  34  4:04  Probe x2  
  36  4:11  Observer  
  36  4:16  Probe x2  
  39  4:25  Stalker x2  
  39  4:28  Probe x2  
  45  4:32  Robotics Bay  
  45  4:39  Assimilator  
  45  4:40  Probe x2  
  45  4:43  Assimilator  
  47  4:46  Warp Prism  
  49  4:54  Stalker  
  49  4:56  Stalker  
  53  5:03  Pylon  
  53  5:06  Probe x2  
  55  5:07  Pylon  
  55  5:18  Probe x2  
  55  5:20  Observer Gravitic Boosters  
  57  5:30  Probe x2  
  57  5:32  Gateway  
  57  5:34  Stalker x2, Gateway  
  63  5:42  Probe  
  64  5:43  Probe  
  64  5:44  Colossus  
  71  6:02  Stalker  
  73  6:04  Stalker  
  75  6:23  Probe  
  75  6:24  Probe  
  77  6:26  Extended Thermal Lance  
  77  6:36  Pylon  
  77  6:39  Pylon  
  77  6:45  Pylon  
  77  7:07  Probe x2  
  79  7:08  Nexus  
  79  7:19  Probe x2, Stalker x3  
  79  7:21  Stalker  
  89  7:23  Colossus  
  95  7:31  Probe x2  
  97  7:43  Probe x2  
  99  7:46  Gateway  
  99  7:48  Gateway  
  99  7:55  Probe x2  
  101  8:14  Probe x2  
  102  8:22  Pylon, Stalker x4  
  102  8:25  Pylon  
  102  8:26  Probe x2  
  110  8:52  Stalker x3  
  110  8:53  Stalker  
  118  9:02  Probe x2  
  120  9:03  Probe  
  122  9:26  Assimilator x2  
  122  9:29  Stalker x3  
  122  9:30  Stalker x3  
  133  10:16  Pylon x2  
  133  10:18  Pylon  
  133  10:19  Pylon x2  
  133  10:21  Pylon  
  133  10:28  Forge  
  133  10:31  Forge  
  133  10:34  Colossus, Probe x3  
  142  11:06  Nexus  
  142  11:08  Stalker x2  
  142  11:09  Stalker x4  
  154  11:27  Twilight Council  
  154  11:30  Protoss Ground Armor Level 1 (Chrono Boost)  
  154  11:31  Protoss Ground Weapons Level 1 (Chrono Boost)  
  154  11:47  Gateway x2  
  154  11:51  Colossus  
  154  11:52  Gateway  
  160  11:54  Gateway  
  160  12:00  Stalker  
  162  12:02  Stalker x2  
  162  12:03  Stalker x3  
  172  12:12  Pylon  
  172  12:15  Pylon  
  172  12:24  Pylon  
  172  12:35  Stalker x2  
  172  12:36  Stalker x2  
  180  12:38  Stalker  
  180  12:40  Assimilator x2  
  182  12:57  Blink  
  182  13:05  Stalker  
  182  13:06  Stalker  
  182  13:07  Stalker x2  
  182  13:11  Stalker x2  
  182  13:12  Stalker  
  196  13:13  Stalker x2  
  196  13:17  Protoss Shields Level 1  
  192  14:38  Observer (Chrono Boost)  
  165  14:55  Observer (Chrono Boost)  
  158  15:08  Stalker x2  
  158  15:09  Stalker x3  
  158  15:10  Stalker x2  
  138  15:25  Stalker x3  
Tags
 
Add a new tag
Caveats
  • Supply blocks, unpowered buildings, or Contaminate may cause inaccurate times.
  • Supply counts are checked every 10 seconds.